 Dungeon Crawl Stone Soup version 0.27.1-34-g3ba077fa99 (webtiles) character file.

Game seed: 14745883265399707653

2494 eustatius the Grappler (level 9, 0/84 HPs)
             Began as a Troll Berserker on Jan 4, 2022.
             Was an Elder of Trog.
             Slain by a gnoll (11 damage)
             ... on level 6 of the Dungeon.
             The game lasted 00:27:58 (4937 turns).

eustatius the Grappler (Troll Berserker)            Turns: 4937, Time: 00:27:58

Health: 0/84       AC:  5    Str: 29    XL:     9   Next: 28%
Magic:  8/8        EV: 11    Int:  3    God:    Trog [****..]
Gold:   405        SH:  0    Dex: 10    Spells: 8/8 levels left

rFire    . . .     SeeInvis .     - Unarmed
rCold    . . .     Faith    .   (no shield)
rNeg     . . .     Spirit   .   a - +0 animal skin
rPois    .         Reflect  .   (helmet restricted)
rElec    .         Harm     .   h - +0 cloak
rCorr    .         Rampage  .   (gloves unavailable)
Will     .....                  (boots unavailable)
Stlth    ++........             (no amulet)
HPRegen  1.24/turn              g - ring of flight
MPRegen  0.11/turn              (no ring)

@: flying
A: large, unfitting armour, claws 3, regeneration 1, shaggy fur 1, tough skin 1
a: Renounce Religion, Berserk, Trog's Hand, Brothers in Arms


You were on level 6 of the Dungeon.
You worshipped Trog.
Trog was greatly pleased with you.
You visited 1 branch of the dungeon, and saw 6 of its levels.
You also visited: Sewer.

You collected 405 gold pieces.

Inventory:

Hand Weapons
 d - a +2 flail of protection
 x - a +1 short sword of speed
Missiles
 i - 14 atropa-tipped darts (quivered)
 u - 43 poisoned darts
 C - 6 curare-tipped darts
Armour
 a - a +0 animal skin (worn)
 h - a +0 cloak (worn)
 o - a +0 troll leather armour {Purgy}
Magical Staves
 q - a staff of cold
 y - a staff of poison
Jewellery
 g - a ring of flight (left claw)
 p - a ring of fire
 s - a ring of flight
Wands
 j - a wand of mindburst (10)
Scrolls
 c - 2 scrolls of silence {unknown}
 f - 2 scrolls of magic mapping {unknown}
 l - a scroll of enchant armour {unknown}
 m - 2 scrolls of blinking {unknown}
 r - 3 scrolls of teleportation {unknown}
 t - a scroll of vulnerability {unknown}
 v - a scroll of immolation {unknown}
Potions
 b - a potion of attraction {unknown}
 e - a potion of flight {unknown}
 k - 4 potions of curing {unknown}
 n - a potion of heal wounds {unknown}
 w - 4 potions of haste {unknown}
 z - a potion of berserk rage {unknown}
 A - a potion of ambrosia {unknown}
 B - a potion of mutation {unknown}


   Skills:
 + Level 4.1 Fighting
 + Level 5.5 Dodging
 + Level 2.3 Stealth
 + Level 9.9 Unarmed Combat


You had 8 spell levels left.
You didn't know any spells.
Your spell library contained the following spells:

 Spells                   Type           Power      Damage    Failure   Level
 Ensorcelled Hibernation  Hex/Ice        0%         N/A       67%         2
 Slow                     Hex            0%         N/A       67%         2
 Sublimation of Blood     Necr           0%         N/A       67%         2
 Confusing Touch          Hex            0%         N/A       88%         3
 Gell's Gravitas          Tloc           0%         N/A       88%         3
 Lesser Beckoning         Tloc           0%         N/A       88%         3
 Spider Form              Tmut/Pois      0%         N/A       88%         3
 Teleport Other           Tloc           0%         N/A       88%         3
 Vampiric Draining        Necr           0%         2d6       88%         3
 Petrify                  Tmut/Erth      0%         N/A       99%         4
 Irradiate                Conj/Tmut      0%         3d13      100%        5
 Dispersal                Tloc           0%         N/A       100%        6
 Shadow Creatures         Summ           N/A        N/A       100%        6


Dungeon Overview and Level Annotations

Branches:
Dungeon (6/15)             Temple (0/1) D:6           Sewer (visited)

Altars:
Sif Muna


Innate Abilities, Weirdness & Mutations

You are too large for most types of armour.
You have claws for hands.
Your natural rate of healing is unusually fast.
You are covered in fur. (AC +1)
You have tough skin. (AC +1)


Message History

Found 25 arrows.
The gnoll shouts!
A gnoll comes into view. It is wielding a +0 halberd.
The gnoll sergeant hits you with a +0 spear.
The gnoll shouts! x2
You claw the gnoll sergeant!
The gnoll sergeant is heavily wounded.
You scratch the gnoll sergeant.
The gnoll sergeant is severely wounded.
The gnoll sergeant hits you with a +0 spear!
You scratch the gnoll sergeant but do no damage.
You claw the gnoll sergeant.
You kill the gnoll sergeant!
Trog accepts your kill. The gnoll barely misses you.
Found a fuming dark potion.
The gnoll hits you with a +0 flail! The gnoll barely misses you. x2
Things that are here:
a +0 spear; a +0 scale mail; a gnoll corpse You claw the gnoll!
You kill the gnoll!
Trog accepts your kill. The gnoll closely misses you.
The gnoll barely misses you. The gnoll barely misses you.
The gnoll hits you from afar with a +0 halberd!
* * * LOW HITPOINT WARNING * * *
You see here a +0 flail.
You claw the gnoll!
The gnoll is severely wounded.
The gnoll hits you from afar with a +0 halberd.
* * * LOW HITPOINT WARNING * * *
The gnoll barely misses you. The gnoll hits you with a +0 halberd!
* * * LOW HITPOINT WARNING * * *
You claw the gnoll!
The gnoll is almost dead.
The gnoll closely misses you.
You closely miss the gnoll.
The gnoll is almost dead.
The gnoll closely misses you. The gnoll hits you with a +0 halberd!
You die...

♣≈.≈...≈.≈♣
........##.
♣≈.≈._.≈.≈♣
.#########.
♣≈.≈...≈.≈♣ #.
♣≈..≈≈≈).≈♣ # #.
♣.≈≈≈≈≈≈≈.♣ .# #.
#♣.......†.♣# ..# #.
#.♣♣♣♣♣♣♣♣♣)# ..(## #.
#.#######...####.....#
#.
#............)@g.....#
##
####..#...#.#g#...#...
##..###..#..###..#
##.# #..#..# #.. ..#
'.....' #
#.#...#####.. #. .#.
.#. ...... .#.. .. ...
.# .!


You could see 2 gnolls.

Vanquished Creatures
  A boulder beetle (D:6)
  Edmund (D:6)
  Menkaure (D:4)
  An ice beast (D:5)
  Purgy (Sewer)
  A black bear (D:6)
  A necrophage (D:5)
  4 ogres
  2 kobold brigands (D:4)
  A gnoll sergeant (D:6)
  A water moccasin zombie (D:6)
  A water moccasin skeleton (D:4)
  2 howler monkeys
  A centaur zombie (D:6)
  A bullfrog skeleton (D:6)
  3 jellies
  An iguana (D:5)
  9 adders
  9 gnolls
  A white imp (D:5)
  An ufetubus (D:5)
  An adder skeleton (D:4)
  2 worms
  4 dart slugs
  2 orcs (D:6)
  6 ball pythons
  5 endoplasms
  2 giant cockroaches
  9 goblins
  10 hobgoblins
  8 jackals
  48 kobolds
  5 quokkas
  4 bats
  9 frilled lizards
  6 rats
165 creatures vanquished.

Vanquished Creatures (others)
  A plant (D:1)
1 creature vanquished.

Grand Total: 166 creatures vanquished

Notes
Turn   | Place    | Note
-------+----------+-------------------------------------------
     0 | D:1      | eustatius the Troll Berserker began the quest for the Orb.
     0 | D:1      | Reached XP level 1. HP: 22/22 MP: 0/0
   172 | D:1      | Reached XP level 2. HP: 29/29 MP: 1/1
   200 | D:1      | Found a faded altar of an unknown god.
   473 | D:1      | You fall into a shaft and drop 1 floor!
   522 | D:2      | Reached XP level 3. HP: 35/36 MP: 2/2
   546 | D:2      | HP: 1/36 [poisoned by an adder]
   551 | D:2      | HP: 1/36 [poisoned by an adder]
   688 | D:2      | Reached ** piety under Trog
  1081 | D:3      | Reached XP level 4. HP: 44/44 MP: 3/3
  1086 | D:3      | Reached skill level 4 in Unarmed Combat
  2008 | D:4      | Reached XP level 5. HP: 52/52 MP: 4/4
  2180 | D:4      | Noticed Menkaure
  2187 | D:4      | Killed Menkaure
  2188 | D:4      | Reached skill level 5 in Unarmed Combat
  2188 | D:4      | Reached XP level 6. HP: 45/59 MP: 5/5
  2320 | D:4      | Reached skill level 1 in Stealth
  2397 | D:4      | Reached *** piety under Trog
  2564 | D:4      | Reached skill level 6 in Unarmed Combat
  2833 | D:4      | Reached XP level 7. HP: 67/67 MP: 6/6
  2955 | D:4      | Reached **** piety under Trog
  3328 | D:5      | Entered Level 5 of the Dungeon
  3568 | D:5      | Reached skill level 7 in Unarmed Combat
  4341 | D:6      | Found a glowing drain.
  4346 | D:6      | Noticed Edmund
  4360 | D:6      | Killed Edmund
  4361 | D:6      | Reached XP level 8. HP: 41/75 MP: 7/7
  4378 | Sewer    | Entered a sewer
  4456 | Sewer    | Noticed Purgy
  4462 | Sewer    | Killed Purgy
  4463 | Sewer    | Reached skill level 8 in Unarmed Combat
  4618 | D:6      | Found a staircase to the Ecumenical Temple.
  4757 | D:6      | Found a shimmering blue altar of Sif Muna.
  4781 | D:6      | Noticed a boulder beetle
  4818 | D:6      | Killed a boulder beetle
  4819 | D:6      | Reached skill level 5 in Dodging
  4819 | D:6      | Reached skill level 9 in Unarmed Combat
  4819 | D:6      | Reached XP level 9. HP: 18/84 MP: 8/8
  4937 | D:6      | Slain by a gnoll

Illustrated notes

Levels and vault maps discovered:
D:1:      dpeg_arrival_brainrot, layout_basic, chequers_ecumenical_altar_simple,
          serial_bayou, serial_bayou_pond_b, serial_bayou_crossing,
          serial_bayou_shore_a, serial_bayou_pond_b, serial_park_tiny_pond
D:2:      layout_rooms, minmay_tripent
D:3:      layout_basic
D:4:      minmay_goblin_kobold_castle, layout_basic, st_stairs_12,
          amcnicky_mini_corridor_feature, minmay_unequal, uniq_menkaure
D:5:      layout_layer_cave, minmay_misc_feat_five, kennysheep_generic_room_5
D:6:      layout_basic, mainiacjoe_overflow_paths, minmay_temple_entry_grid,
          cheibrodos_sewer_entry_sluice, minmay_fractal_squares_diagonal_5,
          uniq_edmund

Skill      XL: |  1  2  3  4  5  6  7  8  9 |
---------------+----------------------------+-----
Dodging        | 3 4 5 |  5.5
Unarmed Combat | 4 5 6 7 9 |  9.9
Fighting       | 3 4 |  4.1
Stealth        | 1 2 |  2.3

Action                   |  1- 3 |  4- 6 |  7- 9 || total
-------------------------+-------+-------+-------++-------
Melee: Unarmed           |   128 |   148 |   185 ||   461
       Punch             |       |     1 |     7 ||     8
 Stab: Sleeping          |     1 |     1 |       ||     2
Armor: Animal skin       |    58 |    43 |    52 ||   153
Dodge: Dodged            |    99 |    59 |   107 ||   265
